 Dungeon Crawl Stone Soup version 0.28.0 (webtiles) character file.

Game seed: 295356292385649043

182 Dazliare the Chopper (level 5, -2/45 HPs)
             Began as a Hill Orc Delver on Feb 6, 2022.
             Slain by an ogre (25 damage)
             ... on level 4 of the Dungeon.
             The game lasted 00:05:52 (4018 turns).

Dazliare the Chopper (Hill Orc Delver)              Turns: 4018, Time: 00:05:52

Health: -2/45      AC:  9    Str: 17    XL:     5   Next: 62%
Magic:  5/5        EV:  7    Int: 10    God:
Gold:   109        SH:  0    Dex: 18    Spells: 4/4 levels left

rFire   + . .      SeeInvis .   a - +0 hand axe
rCold   + . .      Faith    .   (no shield)
rNeg    . . .      Spirit   .   h - +0 chain mail
rPois   .          Reflect  .   w - +0 helmet
rElec   .          Harm     .   p - scarf {rC+ rF+}
rCorr   .          Rampage  .   (no gloves)
Will    +....                   (no boots)
Stlth   ..........              (no amulet)
HPRegen 0.15/turn               m - +6 ring of dexterity
MPRegen 0.09/turn               o - ring of willpower

@: no status effects
A: no striking features
a: no special abilities


You were on level 4 of the Dungeon.
You visited 1 branch of the dungeon, and saw 5 of its levels.

You collected 109 gold pieces.

Inventory:

Hand Weapons
 a - a +0 hand axe (weapon)
 l - a +1 short sword of holy wrath
Missiles
 e - 7 poisoned darts
 f - 104 stones
 i - 3 boomerangs (quivered)
Armour
 h - a +0 chain mail (worn)
 p - a scarf of resistance (worn)
 w - a +0 helmet (worn)
Jewellery
 m - a +6 ring of dexterity (left hand)
 o - a ring of willpower (right hand)
Wands
 g - a wand of digging (3)
Scrolls
 c - 2 scrolls of fog
 d - 2 scrolls of magic mapping
 j - 6 scrolls of identify {unknown}
 n - a scroll of torment {unknown}
 r - a scroll of vulnerability {unknown}
 s - 2 scrolls of enchant armour {unknown}
 t - a scroll of teleportation {unknown}
Potions
 b - a potion of curing {@q1}
 k - a potion of attraction {unknown}
 q - 2 potions of degeneration {unknown}
 u - a potion of brilliance {unknown}
 v - a potion of mutation {unknown}


   Skills:
 - Level 3.6 Fighting
 + Level 7.5 Axes
 - Level 1.5 Dodging
 - Level 4.1 Stealth


You had 4 spell levels left.
You didn't know any spells.
Your spell library contained the following spells:

 Spells                   Type           Power      Damage    Failure   Level
 Summon Guardian Golem    Hex/Summ       0%         N/A       100%        3
 Orb of Destruction       Conj           0%         9d5       100%        7
 Spellforged Servitor     Conj/Summ      0%         N/A       100%        7


Dungeon Overview and Level Annotations

Branches:
Dungeon (5/15)
 Temple: D:4-7

Altars:

Annotations:
D:2 Natasha


Message History

The hound bites you but does no damage.
You barely miss the hound.
The hound is heavily wounded.
The hound barely misses you.
You hit the hound.
The hound is severely wounded.
The hound closely misses you. The hound bites you but does no damage.
You hit the hound.
The hound is almost dead.
The hound misses you.
You closely miss the hound.
The hound is almost dead.
The hound barely misses you. x2
You barely miss the hound.
The hound is almost dead.
The hound barely misses you.
You hit the hound.
You kill the hound!
Found 23 arrows.
q - 2 fuming grey potions (gained 1)
You start resting.
HP restored.
An ogre comes into view. It is wielding a +0 giant spiked club.
The ogre shouts!
You hit the ogre.
The ogre is lightly wounded.
The ogre hits you with a +0 giant spiked club!
You hit the ogre.
The ogre is lightly wounded.
The ogre closely misses you.
You hit the ogre.
The ogre is moderately wounded.
The ogre hits you with a +0 giant spiked club!
You hit the ogre but do no damage.
The ogre is moderately wounded.
You hit the ogre but do no damage.
The ogre is moderately wounded.
The ogre hits you with a +0 giant spiked club!!
Ouch! That really hurt!
You die...

.# . ..## .. #..##
... ##...
#...###...
#........# #
.......O.# ####.#
#.@.###.......
##............(
##.....####.....
.#..##.........$.
..................
....##............
....#
#............ ..#.
#...)......##
.$##..<.......#


You could see an ogre.

Vanquished Creatures
  A hound (D:4)
  Jessica (D:2)
  A gnoll (D:2)
  4 adders
  5 dart slugs
  6 endoplasms
  3 giant cockroaches
  3 goblins
  7 hobgoblins
  8 jackals
  2 quokkas
  6 ball pythons
  6 bats
  2 frilled lizards (D:2)
  8 kobolds
  5 rats
68 creatures vanquished.

Notes
Turn   | Place    | Note
-------+----------+-------------------------------------------
     0 | D:5      | Dazliare the Hill Orc Delver began the quest for the Orb.
     0 | D:5      | Reached XP level 1. HP: 19/19 MP: 1/1
    78 | D:5      | Noticed a scorpion
   185 | D:3      | Reached skill level 3 in Axes
   305 | D:2      | Noticed Jessica
   703 | D:2      | Reached XP level 2. HP: 5/26 MP: 2/2
  1066 | D:2      | Reached skill level 4 in Axes
  1122 | D:2      | Reached XP level 3. HP: 11/31 MP: 3/3
  1469 | D:2      | Noticed Natasha
  1523 | D:2      | Reached skill level 5 in Axes
  1619 | D:2      | Killed Jessica
  1620 | D:2      | Reached XP level 4. HP: 27/39 MP: 4/4
  2026 | D:1      | Reached skill level 6 in Axes
  3394 | D:3      | Reached XP level 5. HP: 27/45 MP: 5/5
  3899 | D:3      | Reached skill level 7 in Axes
  4012 | D:4      | Noticed an ogre
  4018 | D:4      | Slain by an ogre

Illustrated notes

Levels and vault maps discovered:
D:1:      sevenhm_arrival_forest_fort_large_2, layout_loops_corners
D:2:      layout_basic, minmay_unequal, uniq_natasha, uniq_jessica
D:3:      layout_basic
D:4:      layout_rooms, lemuel_crystal_altar, tso_altar
D:5:      layout_rooms, serial_glass, glass_columns_b, glass_columns_b,
          glass_columns_a, glass_columns_b, glass_columns_c, glass_columns_a

Skill      XL: |  1  2  3  4  5 |
---------------+----------------+-----
Axes           | 3 4 5 6 7 |  7.5
Fighting       | |  3.6
Dodging        | |  1.5
Stealth        | |  4.1

Action                   |  1- 3 |  4- 6 || total
-------------------------+-------+-------++-------
Melee: Hand axe          |    95 |   164 ||   259
       Punch             |       |     2 ||     2
  Use: Scroll            |     2 |       ||     2
       Potion            |     1 |       ||     1
Armor: Leather armour    |    18 |       ||    18
       Chain mail        |     3 |    99 ||   102
Dodge: Dodged            |    58 |    74 ||   132
